Tampa Bay Lightning vs Los Angeles Kings
Created - Thursday, October 30, 2025 at 07:32
Goals
|
| Tampa Bay Lightning |
1 |
1 |
1 |
3 |
| Los Angeles Kings |
0 |
1 |
0 |
1 |
|
Shots
|
| Tampa Bay Lightning |
9 |
5 |
12 |
26 |
| Los Angeles Kings |
9 |
10 |
12 |
31 |
|
1st period
1. Tampa Bay Lightning , Filip Forsberg 26 (Anze Kopitar 44) at 5:52
Penalties :
Andrei Svechnikov (LAK) for High sticking (Minor) at 0:22, Logan Cooley (LAK) for Roughing (Minor) at 6:01, Vitali Kravtsov (LAK) for Hooking (Minor) at 15:09
2nd period
2. Tampa Bay Lightning , Trevor Moore 13 (Dmitry Orlov 13) at 5:56
3. Los Angeles Kings , Jansen Harkins 11 (MacKenzie Weegar 29, Matthew Boldy 43) at 15:39
Penalties :
Logan Cooley (LAK) for Tripping (Minor) at 3:10, Darnell Nurse (TBL) for Tripping (Minor) at 10:40
3rd period
4. Tampa Bay Lightning , Moritz Seider 5 (Travis Konecny 44, Anze Kopitar 45) at 19:31 (Empty Net)
Penalties :
Evander Kane (LAK) for Hooking (Minor) at 6:39, Michael Matheson (TBL) for Tripping (Minor) at 10:11, Mikey Eyssimont (LAK) for Fighting (Major) at 14:03, Darnell Nurse (TBL) for Fighting (Major) at 14:03
Goalie Stats
Darcy Kuemper (TBL), 30 saves from 31 shots - (0.968), W, 31-12-3, 60:00 minutes
Andrei Vasilevskiy (LAK), 23 saves from 25 shots - (0.920), L, 15-21-1, 59:25 minutes
Players Stats for Tampa Bay Lightning
Player Name G A P +/- PIM S H SB GA TA FO MP PP MP PK MP
------------------------------------------------------------------------------------
Anze Kopitar 0 2 2 1 0 3 2 1 1 0 9/15 18:07 5:05 1:54
Ben Chiarot 0 0 0 0 0 0 0 1 0 1 0/0 18:18 0:00 1:43
Claude Giroux 0 0 0 1 0 0 3 0 0 0 7/14 19:41 4:50 0:14
Darnell Nurse 0 0 0 0 7 0 3 1 1 0 0/0 19:34 5:03 0:42
Dmitry Orlov 0 1 1 1 0 1 1 2 0 1 0/0 22:42 5:03 2:15
Dylan Cozens 0 0 0 0 0 2 0 0 0 0 0/2 12:10 0:00 0:00
Filip Forsberg 1 0 1 0 0 1 0 0 0 1 2/2 15:15 4:50 0:00
Gustav Nyquist 0 0 0 1 0 2 0 1 0 0 0/0 6:38 0:00 0:00
Hampus Lindholm 0 0 0 1 0 1 1 2 0 0 0/0 15:47 0:00 0:00
Jamie Benn 0 0 0 0 0 0 2 0 0 1 3/3 15:59 0:00 1:55
Jason Dickinson 0 0 0 1 0 0 2 0 0 0 2/4 10:36 0:00 1:53
Jonathan Huberdeau 0 0 0 0 0 0 0 2 0 0 0/0 10:23 0:00 0:00
Kirill Kaprizov 0 0 0 0 0 2 2 0 0 0 0/1 18:15 4:50 0:00
Michael Matheson 0 0 0 2 2 2 1 2 0 0 0/0 22:42 4:52 1:01
Moritz Seider 1 0 1 0 0 2 1 2 0 2 0/0 23:40 4:52 2:15
Roope Hintz 0 0 0 0 0 5 0 0 0 0 5/10 17:29 5:05 0:00
Travis Konecny 0 1 1 1 0 4 2 0 0 0 0/1 18:00 5:05 0:00
Trevor Moore 1 0 1 1 0 1 3 1 0 0 1/1 10:43 0:00 2:00
Players Stats for Los Angeles Kings
Player Name G A P +/- PIM S H SB GA TA FO MP PP MP PK MP
------------------------------------------------------------------------------------
Alex Gallant 0 0 0 0 0 0 1 0 0 0 0/0 9:17 0:00 0:00
Alexander Romanov 0 0 0 -2 0 0 0 0 0 0 0/0 13:26 0:00 0:00
Andrei Kuzmenko 0 0 0 0 0 6 3 0 1 0 2/3 16:49 1:57 0:33
Andrei Svechnikov 0 0 0 -1 2 2 2 0 0 0 3/9 16:20 2:01 3:33
Andrew Copp 0 0 0 -1 0 2 0 1 1 0 0/1 12:52 0:00 0:28
Charlie McAvoy 0 0 0 0 0 1 1 2 0 0 0/0 15:09 0:00 0:00
Evander Kane 0 0 0 0 2 1 1 0 0 0 0/0 9:25 0:00 0:00
Jansen Harkins 1 0 1 1 0 4 1 0 0 0 6/8 13:40 1:57 0:00
Joseph Veleno 0 0 0 -1 0 0 1 0 0 0 9/18 14:56 0:00 2:36
K'Andre Miller 0 0 0 0 0 1 2 2 0 0 0/0 24:34 2:12 5:10
Logan Cooley 0 0 0 -1 4 1 3 0 2 0 1/2 17:56 1:57 3:10
MacKenzie Weegar 0 1 1 0 0 1 1 1 1 1 0/0 24:05 2:12 5:10
Matthew Boldy 0 1 1 -2 0 3 0 0 0 0 0/2 20:07 2:01 5:03
Mikey Eyssimont 0 0 0 0 5 3 0 0 1 0 0/1 7:51 0:00 0:00
Owen Power 0 0 0 -2 0 1 1 1 0 1 0/0 20:17 1:46 4:45
Ryan Suter 0 0 0 0 0 1 1 2 0 0 0/0 22:29 1:46 4:45
Seth Jarvis 0 0 0 -2 0 4 1 1 0 0 3/9 19:26 2:01 4:27
Vitali Kravtsov 0 0 0 1 2 0 0 0 0 0 0/0 11:20 0:00 0:00
3 Stars
1 - Darcy Kuemper (TBL)
2 - Trevor Moore (TBL)
3 - Anze Kopitar (TBL)
Power Play
Tampa Bay Lightning - 0 on 5 Attempt(s) - 0.00%
Los Angeles Kings - 0 on 2 Attempt(s) - 0.00%
Penalty Kill
Tampa Bay Lightning - 2 on 2 Attempt(s) - 100.00%
- Score 0 goal in Penalty Kill
Los Angeles Kings - 5 on 5 Attempt(s) - 100.00%
- Score 0 goal in Penalty Kill
Team Stat
Tampa Bay Lightning - Hits : 23 - Faceoff Wins : 29 - Blocked Shots : 15 - Penalty Minutes : 9
Los Angeles Kings - Hits : 19 - Faceoff Wins : 24 - Blocked Shots : 10 - Penalty Minutes : 15
Official
Referees : Chris Rooney and Furman South
Linesman : Bevan Mills and Jonny Murray
Game Notes
Andrei Svechnikov is injured at 13:35 of 3rd period (Left Foot)
Mikey Eyssimont beats up Darnell Nurse at 14:03 of 3rd period
Moritz Seider has scored in a empty net!
Finance
Level 1 -- Attendance: 5590 (93.17%) -- Ticket Income $503,100
Level 2 -- Attendance: 4988 (99.76%) -- Ticket Income $249,400
Level 3 -- Attendance: 2799 (93.30%) -- Ticket Income $83,970
Level 4 -- Attendance: 4686 (93.72%) -- Ticket Income $93,720
Luxury Box -- Attendance: 896 (89.60%) -- Ticket Income $170,240
Game was played at the Staples Center.
Total Attendance: 18959 (94.80%)
Total Ticket Income: $1,100,430
Other Income: $385,150
Total Income: $1,485,580
Tampa Bay Lightning
5 vs 5 Forward
Center Left Wing Right Wing Time % Phy DF OF
1 Roope Hintz Travis Konecny Dylan Cozens 30 1 2 2
2 Anze Kopitar Filip Forsberg Jonathan Huberdeau 30 1 2 2
3 Claude Giroux Jamie Benn Kirill Kaprizov 30 1 2 2
4 Jason Dickinson Gustav Nyquist Trevor Moore 10 1 2 2
5 vs 5 Defense
Defense Defense Time % Phy DF OF
1 Moritz Seider Darnell Nurse 35 1 2 2
2 Michael Matheson Ben Chiarot 35 1 2 2
3 Dmitry Orlov Hampus Lindholm 30 1 2 2
4 Moritz Seider Michael Matheson 0 1 2 2
PowerPlay Forward
Center Left Wing Right Wing Time % Phy DF OF
1 Claude Giroux Kirill Kaprizov Filip Forsberg 50 1 2 2
2 Anze Kopitar Travis Konecny Roope Hintz 50 1 2 2
PowerPlay Defense
Defense Defense Time % Phy DF OF
1 Michael Matheson Moritz Seider 50 1 2 2
2 Dmitry Orlov Darnell Nurse 50 1 2 2
Penalty Kill 4 Players Forward
Center Wing Time % Phy DF OF
1 Anze Kopitar Jamie Benn 50 1 2 2
2 Jason Dickinson Trevor Moore 50 1 2 2
Penalty Kill 4 Players Defense
Defense Defense Time % Phy DF OF
1 Darnell Nurse Ben Chiarot 50 1 2 2
2 Moritz Seider Dmitry Orlov 50 1 2 2
Penalty Kill - 3 Players Forward
Forward Time % Phy DF OF
1 Anze Kopitar 50 1 2 2
2 Jason Dickinson 50 1 2 2
Penalty Kill - 3 Players Defense
Defense Defense Time % Phy DF OF
1 Darnell Nurse Ben Chiarot 50 1 2 2
2 Moritz Seider Michael Matheson 50 1 2 2
4 vs 4 Forward
Center Wing Time % Phy DF OF
1 Claude Giroux Travis Konecny 50 1 2 2
2 Anze Kopitar Filip Forsberg 50 1 2 2
4 vs 4 Defense
Defense Defense Time % Phy DF OF
1 Michael Matheson Ben Chiarot 50 1 2 2
2 Moritz Seider Darnell Nurse 50 1 2 2
Last Minutes Offensive
Center Left Wing Right Wing Defense Defense
Claude Giroux Kirill Kaprizov Filip Forsberg Michael Matheson Moritz Seider
Last Minutes Defensive
Center Left Wing Right Wing Defense Defense
Anze Kopitar Travis Konecny Claude Giroux Michael Matheson Moritz Seider
Goaltenders
Starting : Darcy Kuemper
Backup : Jeremy Swayman
Extra Forwards
Normal : Anze Kopitar, Gustav Nyquist, Claude Giroux - PP : Jonathan Huberdeau, Trevor Moore - PK : Claude Giroux
Extra Defensemen
Normal : Ben Chiarot, Moritz Seider, Darnell Nurse - PP : Moritz Seider - PK : Darnell Nurse, Dmitry Orlov
Penalty Shots
Trevor Moore, Filip Forsberg, Kirill Kaprizov, Gustav Nyquist, Jonathan Huberdeau
Scratches
None
Los Angeles Kings
5 vs 5 Forward
Center Left Wing Right Wing Time % Phy DF OF
1 Seth Jarvis Matthew Boldy Andrei Svechnikov 30 1 2 2
2 Joseph Veleno Logan Cooley Andrew Copp 30 1 2 2
3 Jansen Harkins Andrei Kuzmenko Vitali Kravtsov 25 1 2 2
4 Mikey Eyssimont Evander Kane Alex Gallant 15 1 2 2
5 vs 5 Defense
Defense Defense Time % Phy DF OF
1 MacKenzie Weegar K'Andre Miller 35 1 2 2
2 Charlie McAvoy Ryan Suter 35 1 2 2
3 Alexander Romanov Owen Power 30 1 2 2
4 MacKenzie Weegar K'Andre Miller 0 1 2 2
PowerPlay Forward
Center Left Wing Right Wing Time % Phy DF OF
1 Seth Jarvis Matthew Boldy Andrei Svechnikov 50 1 2 2
2 Andrei Kuzmenko Logan Cooley Jansen Harkins 50 1 2 2
PowerPlay Defense
Defense Defense Time % Phy DF OF
1 MacKenzie Weegar K'Andre Miller 50 1 2 2
2 Owen Power Ryan Suter 50 1 2 2
Penalty Kill 4 Players Forward
Center Wing Time % Phy DF OF
1 Logan Cooley Matthew Boldy 50 1 2 2
2 Andrei Svechnikov Seth Jarvis 50 1 2 2
Penalty Kill 4 Players Defense
Defense Defense Time % Phy DF OF
1 MacKenzie Weegar K'Andre Miller 50 1 2 2
2 Owen Power Ryan Suter 50 1 2 2
Penalty Kill - 3 Players Forward
Forward Time % Phy DF OF
1 Andrei Svechnikov 50 1 2 2
2 Matthew Boldy 50 1 2 2
Penalty Kill - 3 Players Defense
Defense Defense Time % Phy DF OF
1 MacKenzie Weegar K'Andre Miller 50 1 2 2
2 Owen Power Ryan Suter 50 1 2 2
4 vs 4 Forward
Center Wing Time % Phy DF OF
1 Andrei Kuzmenko Matthew Boldy 50 1 2 2
2 Andrei Svechnikov Logan Cooley 50 1 2 2
4 vs 4 Defense
Defense Defense Time % Phy DF OF
1 MacKenzie Weegar K'Andre Miller 50 1 2 2
2 Owen Power Ryan Suter 50 1 2 2
Last Minutes Offensive
Center Left Wing Right Wing Defense Defense
Seth Jarvis Matthew Boldy Andrei Svechnikov MacKenzie Weegar K'Andre Miller
Last Minutes Defensive
Center Left Wing Right Wing Defense Defense
Seth Jarvis Matthew Boldy Andrei Svechnikov MacKenzie Weegar K'Andre Miller
Goaltenders
Starting : Andrei Vasilevskiy
Backup : Carl Lindbom
Extra Forwards
Normal : Andrei Kuzmenko, Jansen Harkins, Andrei Svechnikov - PP : Andrei Kuzmenko, Jansen Harkins - PK : Matthew Boldy
Extra Defensemen
Normal : MacKenzie Weegar, Owen Power, K'Andre Miller - PP : K'Andre Miller - PK : Owen Power, MacKenzie Weegar
Penalty Shots
Jansen Harkins, Matthew Boldy, Andrei Svechnikov, Seth Jarvis, Logan Cooley
Scratches
Cooper Marody (Healthy), Jakub Zboril (Healthy)
% Time on Ice - Tampa Bay Lightning
Lines # - Real PCT - Wanted PCT - Time Play
Normal Forward
1 - 28% - 30% - 12:53
2 - 28% - 30% - 12:42
3 - 29% - 30% - 13:23
4 - 15% - 10% - 6:38
Normal Defense
1 - 33% - 35% - 15:08
2 - 31% - 35% - 14:21
3 - 33% - 30% - 15:07
4 - 2% - 0% - 1:00
PP Forward
1 - 49% - 50% - 4:50
2 - 51% - 50% - 5:05
PP Defense
1 - 49% - 50% - 4:52
2 - 51% - 50% - 5:03
PK Forward
1 - 50% - 50% - 1:58
2 - 50% - 50% - 2:00
PK Defense
1 - 43% - 50% - 1:43
2 - 57% - 50% - 2:15
PK3 Forward
1 - 0% - 50%
2 - 0% - 50%
PK3 Defense
1 - 0% - 50%
2 - 0% - 50%
44 Forward
1 - 0% - 50%
2 - 0% - 50%
44 Defense
1 - 0% - 50%
2 - 0% - 50%
Last Minute Offensive - 0:00
Last Minute Defensive - 0:31
Total
Forward - 60:00
Defense - 60:00
|
% Time on Ice - Los Angeles Kings
Lines # - Real PCT - Wanted PCT - Time Play
Normal Forward
1 - 27% - 30% - 12:32
2 - 27% - 30% - 12:30
3 - 25% - 25% - 11:17
4 - 20% - 15% - 9:17
Normal Defense
1 - 36% - 35% - 16:12
2 - 35% - 35% - 15:58
3 - 29% - 30% - 13:26
4 - 0% - 0% - 0:00
PP Forward
1 - 51% - 50% - 2:01
2 - 49% - 50% - 1:57
PP Defense
1 - 55% - 50% - 2:12
2 - 45% - 50% - 1:46
PK Forward
1 - 53% - 50% - 5:18
2 - 47% - 50% - 4:37
PK Defense
1 - 52% - 50% - 5:10
2 - 48% - 50% - 4:45
PK3 Forward
1 - 0% - 50%
2 - 0% - 50%
PK3 Defense
1 - 0% - 50%
2 - 0% - 50%
44 Forward
1 - 0% - 50%
2 - 0% - 50%
44 Defense
1 - 0% - 50%
2 - 0% - 50%
Last Minute Offensive - 0:31
Last Minute Defensive - 0:00
Total
Forward - 60:00
Defense - 60:00
|
Play-by-Play
1st period
0:01 of 1st period - Roope Hintz wins face-off versus Seth Jarvis in neutral zone.
0:22 of 1st period - Minor Penalty to Andrei Svechnikov for High sticking.
0:23 of 1st period - Logan Cooley wins face-off versus Claude Giroux in Los Angeles Kings zone.
0:23 of 1st period - Logan Cooley is hit by Moritz Seider.
2:22 of 1st period - Penalty to Andrei Svechnikov is over, Andrei Svechnikov is back on ice.
2:39 of 1st period - Wrist shot by Jansen Harkins.
2:39 of 1st period - Deflect By Andrei Kuzmenko.
2:39 of 1st period - Shot Misses the Net.
2:39 of 1st period - Puck is out of play.
2:40 of 1st period - Jason Dickinson wins face-off versus Mikey Eyssimont in Tampa Bay Lightning zone.
2:53 of 1st period - Wrist shot by Gustav Nyquist.
2:53 of 1st period - Stopped by Andrei Vasilevskiy without a rebound.
2:54 of 1st period - Joseph Veleno wins face-off versus Claude Giroux in Los Angeles Kings zone.
3:05 of 1st period - Snap shot by Andrew Copp.
3:05 of 1st period - Shot Misses the Net.
3:07 of 1st period - Wrist shot by Logan Cooley.
3:07 of 1st period - Stopped by Darcy Kuemper with a rebound.
3:09 of 1st period - Wrist shot by Joseph Veleno.
3:09 of 1st period - Shot Blocked by Dmitry Orlov.
3:42 of 1st period - Snap shot by Travis Konecny.
3:42 of 1st period - Shot Misses the Net.
5:00 of 1st period - Charlie McAvoy is hit by Travis Konecny and loses puck.
5:06 of 1st period - Off-side.
5:07 of 1st period - Joseph Veleno wins face-off versus Roope Hintz in neutral zone.
5:34 of 1st period - Charlie McAvoy is hit by Kirill Kaprizov.
5:42 of 1st period - Wrist shot by Kirill Kaprizov.
5:42 of 1st period - Shot Misses the Net.
5:44 of 1st period - Snap shot by Claude Giroux.
5:44 of 1st period - Shot Blocked by Charlie McAvoy.
5:46 of 1st period - Snap shot by Kirill Kaprizov.
5:46 of 1st period - Shot Misses the Net.
5:48 of 1st period - Backhand shot by Moritz Seider.
5:48 of 1st period - Stopped by Andrei Vasilevskiy without a rebound.
5:49 of 1st period - Anze Kopitar wins face-off versus Andrei Svechnikov in Los Angeles Kings zone.
5:52 of 1st period - Snap shot by Filip Forsberg.
5:52 of 1st period - Goal by Filip Forsberg - Tampa Bay Lightning : 1 - Los Angeles Kings : 0.
5:53 of 1st period - Anze Kopitar wins face-off versus Joseph Veleno in neutral zone.
5:56 of 1st period - Snap shot by Filip Forsberg.
5:56 of 1st period - Deflect By Anze Kopitar.
5:56 of 1st period - Stopped by Andrei Vasilevskiy with a rebound.
6:01 of 1st period - Minor Penalty to Logan Cooley for Roughing.
6:02 of 1st period - Anze Kopitar wins face-off versus Joseph Veleno in Los Angeles Kings zone.
6:10 of 1st period - Slapshot by Roope Hintz.
6:10 of 1st period - Shot Misses the Net.
8:01 of 1st period - Penalty to Logan Cooley is over, Logan Cooley is back on ice.
8:48 of 1st period - Filip Forsberg is hit by Logan Cooley and loses puck.
9:24 of 1st period - Alexander Romanov is hit by Darnell Nurse.
9:53 of 1st period - Matthew Boldy is hit by Claude Giroux and loses puck.
10:04 of 1st period - Wrist shot by Seth Jarvis.
10:04 of 1st period - Stopped by Darcy Kuemper with a rebound.
10:06 of 1st period - Slapshot by Owen Power.
10:06 of 1st period - Shot Misses the Net.
10:08 of 1st period - Wrist shot by Matthew Boldy.
10:08 of 1st period - Shot Blocked by Hampus Lindholm.
10:10 of 1st period - Snap shot by Seth Jarvis.
10:10 of 1st period - Shot Blocked by Hampus Lindholm.
10:12 of 1st period - Snap shot by Andrei Svechnikov.
10:12 of 1st period - Stopped by Darcy Kuemper with a rebound.
10:14 of 1st period - Snap shot by Matthew Boldy.
10:14 of 1st period - Stopped by Darcy Kuemper with a rebound.
10:16 of 1st period - Slapshot by Matthew Boldy.
10:16 of 1st period - Stopped by Darcy Kuemper with a rebound.
10:18 of 1st period - Backhand shot by Andrei Svechnikov.
10:18 of 1st period - Shot Misses the Net.
10:22 of 1st period - Wrist shot by Matthew Boldy.
10:22 of 1st period - Shot Misses the Net.
10:59 of 1st period - Snap shot by Claude Giroux.
10:59 of 1st period - Shot Misses the Net.
11:10 of 1st period - Wrist shot by Andrei Svechnikov.
11:10 of 1st period - Shot Misses the Net.
11:12 of 1st period - Wrist shot by Matthew Boldy.
11:12 of 1st period - Shot Blocked by Dmitry Orlov.
11:23 of 1st period - Off-side.
11:24 of 1st period - Joseph Veleno wins face-off versus Anze Kopitar in neutral zone.
11:54 of 1st period - Slapshot by Jansen Harkins.
11:54 of 1st period - Shot Misses the Net.
12:02 of 1st period - Snap shot by Travis Konecny.
12:02 of 1st period - Stopped by Andrei Vasilevskiy with a rebound.
12:37 of 1st period - Slapshot by Andrew Copp.
12:37 of 1st period - Shot Misses the Net.
12:39 of 1st period - Slapshot by Charlie McAvoy.
12:39 of 1st period - Shot Blocked by Jonathan Huberdeau.
12:41 of 1st period - Slapshot by Ryan Suter.
12:41 of 1st period - Stopped by Darcy Kuemper with a rebound.
13:12 of 1st period - Wrist shot by Roope Hintz.
13:12 of 1st period - Shot Misses the Net.
13:22 of 1st period - Snap shot by Gustav Nyquist.
13:22 of 1st period - Stopped by Andrei Vasilevskiy with a rebound.
13:34 of 1st period - Ryan Suter is hit by Anze Kopitar.
14:04 of 1st period - Icing by Jansen Harkins.
14:05 of 1st period - Trevor Moore wins face-off versus Joseph Veleno in Los Angeles Kings zone.
14:12 of 1st period - Snap shot by Trevor Moore.
14:12 of 1st period - Shot Misses the Net.
14:14 of 1st period - Slapshot by Dmitry Orlov.
14:14 of 1st period - Shot Blocked by Ryan Suter.
14:16 of 1st period - Slapshot by Dmitry Orlov.
14:16 of 1st period - Shot Misses the Net.
14:18 of 1st period - Snap shot by Hampus Lindholm.
14:18 of 1st period - Stopped by Andrei Vasilevskiy with a rebound.
14:20 of 1st period - Slapshot by Dmitry Orlov.
14:20 of 1st period - Shot Blocked by Andrew Copp.
14:30 of 1st period - Snap shot by Mikey Eyssimont.
14:30 of 1st period - Stopped by Darcy Kuemper with a rebound.
15:09 of 1st period - Minor Penalty to Vitali Kravtsov for Hooking.
15:10 of 1st period - Anze Kopitar wins face-off versus Andrei Svechnikov in Los Angeles Kings zone.
15:11 of 1st period - Wrist shot by Roope Hintz.
15:11 of 1st period - Stopped by Andrei Vasilevskiy without a rebound.
15:12 of 1st period - Andrei Svechnikov wins face-off versus Anze Kopitar in Los Angeles Kings zone.
15:26 of 1st period - Wrist shot by Matthew Boldy.
15:26 of 1st period - Stopped by Darcy Kuemper with a rebound.
15:42 of 1st period - Snap shot by Travis Konecny.
15:42 of 1st period - Stopped by Andrei Vasilevskiy without a rebound.
15:43 of 1st period - Andrei Svechnikov wins face-off versus Claude Giroux in Los Angeles Kings zone.
15:58 of 1st period - Slapshot by Seth Jarvis.
15:58 of 1st period - Shot Misses the Net.
17:09 of 1st period - Penalty to Vitali Kravtsov is over, Vitali Kravtsov is back on ice.
17:43 of 1st period - Dmitry Orlov is hit by K'Andre Miller and loses puck.
18:05 of 1st period - Michael Matheson is hit by Joseph Veleno and loses puck.
18:22 of 1st period - Kirill Kaprizov is hit by Andrei Svechnikov.
19:00 of 1st period - Owen Power is hit by Claude Giroux and loses puck.
19:17 of 1st period - Seth Jarvis is hit by Jason Dickinson and loses puck.
19:42 of 1st period - Wrist shot by Mikey Eyssimont.
19:42 of 1st period - Shot Blocked by Anze Kopitar.
19:58 of 1st period - Snap shot by Andrew Copp.
19:58 of 1st period - Stopped by Darcy Kuemper with a rebound.
Goals for this period are 1 for Tampa Bay Lightning vs 0 for Los Angeles Kings.
Shots for this period are 9 for Tampa Bay Lightning vs 9 for Los Angeles Kings.
2nd period
0:01 of 2nd period - Joseph Veleno wins face-off versus Roope Hintz in neutral zone.
0:26 of 2nd period - Claude Giroux is hit by Jansen Harkins and loses puck.
0:33 of 2nd period - Slapshot by Charlie McAvoy.
0:33 of 2nd period - Stopped by Darcy Kuemper with a rebound.
0:35 of 2nd period - Slapshot by Ryan Suter.
0:35 of 2nd period - Deflect By Andrei Kuzmenko.
0:35 of 2nd period - Shot Blocked by Ben Chiarot.
0:35 of 2nd period - Puck is out of play.
0:36 of 2nd period - Filip Forsberg wins face-off versus Joseph Veleno in Tampa Bay Lightning zone.
0:49 of 2nd period - Snap shot by Filip Forsberg.
0:49 of 2nd period - Shot Misses the Net.
1:01 of 2nd period - Snap shot by Andrei Kuzmenko.
1:01 of 2nd period - Shot Misses the Net.
1:03 of 2nd period - Snap shot by Andrei Kuzmenko.
1:03 of 2nd period - Shot Misses the Net.
1:05 of 2nd period - Wrist shot by Jansen Harkins.
1:05 of 2nd period - Shot Misses the Net.
1:07 of 2nd period - Snap shot by Andrei Kuzmenko.
1:07 of 2nd period - Stopped by Darcy Kuemper without a rebound.
1:08 of 2nd period - Jansen Harkins wins face-off versus Dylan Cozens in Tampa Bay Lightning zone.
1:21 of 2nd period - Snap shot by Roope Hintz.
1:21 of 2nd period - Stopped by Andrei Vasilevskiy without a rebound.
1:22 of 2nd period - Claude Giroux wins face-off versus Joseph Veleno in Los Angeles Kings zone.
1:42 of 2nd period - MacKenzie Weegar is hit by Kirill Kaprizov and loses puck.
1:55 of 2nd period - Slapshot by Matthew Boldy.
1:55 of 2nd period - Shot Misses the Net.
1:57 of 2nd period - Snap shot by MacKenzie Weegar.
1:57 of 2nd period - Shot Blocked by Michael Matheson.
1:59 of 2nd period - Wrist shot by Matthew Boldy.
1:59 of 2nd period - Shot Misses the Net.
2:01 of 2nd period - Snap shot by Andrei Svechnikov.
2:01 of 2nd period - Stopped by Darcy Kuemper with a rebound.
2:03 of 2nd period - Slapshot by MacKenzie Weegar.
2:03 of 2nd period - Stopped by Darcy Kuemper without a rebound.
2:04 of 2nd period - Jansen Harkins wins face-off versus Anze Kopitar in Tampa Bay Lightning zone.
2:09 of 2nd period - Snap shot by Andrei Kuzmenko.
2:09 of 2nd period - Stopped by Darcy Kuemper without a rebound.
2:10 of 2nd period - Anze Kopitar wins face-off versus Jansen Harkins in Tampa Bay Lightning zone.
2:19 of 2nd period - Slapshot by Filip Forsberg.
2:19 of 2nd period - Shot Misses the Net.
3:10 of 2nd period - Minor Penalty to Logan Cooley for Tripping.
3:11 of 2nd period - Claude Giroux wins face-off versus Andrei Svechnikov in Los Angeles Kings zone.
3:15 of 2nd period - Wrist shot by Kirill Kaprizov.
3:15 of 2nd period - Shot Misses the Net.
3:17 of 2nd period - Slapshot by Michael Matheson.
3:17 of 2nd period - Stopped by Andrei Vasilevskiy without a rebound.
3:18 of 2nd period - Filip Forsberg wins face-off versus Andrei Svechnikov in Los Angeles Kings zone.
5:10 of 2nd period - Penalty to Logan Cooley is over, Logan Cooley is back on ice.
5:36 of 2nd period - Dmitry Orlov is hit by Andrei Kuzmenko and loses puck.
5:45 of 2nd period - Wrist shot by Jansen Harkins.
5:45 of 2nd period - Stopped by Darcy Kuemper without a rebound.
5:46 of 2nd period - Joseph Veleno wins face-off versus Jason Dickinson in Tampa Bay Lightning zone.
5:47 of 2nd period - Snap shot by Logan Cooley.
5:47 of 2nd period - Shot Hit the Post.
5:56 of 2nd period - Snap shot by Trevor Moore.
5:56 of 2nd period - Goal by Trevor Moore - Tampa Bay Lightning : 2 - Los Angeles Kings : 0.
5:57 of 2nd period - Roope Hintz wins face-off versus Seth Jarvis in neutral zone.
6:00 of 2nd period - Snap shot by Dylan Cozens.
6:00 of 2nd period - Shot Misses the Net.
6:13 of 2nd period - Icing by Michael Matheson.
6:14 of 2nd period - Joseph Veleno wins face-off versus Roope Hintz in Tampa Bay Lightning zone.
6:49 of 2nd period - Ben Chiarot is hit by Seth Jarvis.
7:29 of 2nd period - Snap shot by Andrew Copp.
7:29 of 2nd period - Stopped by Darcy Kuemper with a rebound.
7:35 of 2nd period - Andrew Copp is hit by Trevor Moore and loses puck.
8:15 of 2nd period - Snap shot by Claude Giroux.
8:15 of 2nd period - Shot Misses the Net.
8:56 of 2nd period - Alexander Romanov is hit by Dmitry Orlov and loses puck.
9:25 of 2nd period - Snap shot by Roope Hintz.
9:25 of 2nd period - Stopped by Andrei Vasilevskiy with a rebound.
9:27 of 2nd period - Snap shot by Roope Hintz.
9:27 of 2nd period - Shot Misses the Net.
9:29 of 2nd period - Wrist shot by Roope Hintz.
9:29 of 2nd period - Shot Misses the Net.
9:31 of 2nd period - Snap shot by Dylan Cozens.
9:31 of 2nd period - Stopped by Andrei Vasilevskiy without a rebound.
9:32 of 2nd period - Claude Giroux wins face-off versus Jansen Harkins in Los Angeles Kings zone.
9:35 of 2nd period - Snap shot by Kirill Kaprizov.
9:35 of 2nd period - Shot Blocked by Charlie McAvoy.
9:54 of 2nd period - Kirill Kaprizov is hit by Charlie McAvoy and loses puck.
10:23 of 2nd period - Michael Matheson is hit by MacKenzie Weegar and loses puck.
10:38 of 2nd period - Snap shot by Evander Kane.
10:38 of 2nd period - Shot Blocked by Moritz Seider.
10:40 of 2nd period - Minor Penalty to Darnell Nurse for Tripping.
10:41 of 2nd period - Jason Dickinson wins face-off versus Seth Jarvis in Tampa Bay Lightning zone.
10:41 of 2nd period - Jason Dickinson is hit by Ryan Suter.
11:10 of 2nd period - Snap shot by Logan Cooley.
11:10 of 2nd period - Shot Misses the Net.
11:32 of 2nd period - Jason Dickinson is hit by Andrei Kuzmenko and loses puck.
12:40 of 2nd period - Penalty to Darnell Nurse is over, Darnell Nurse is back on ice.
12:45 of 2nd period - Slapshot by Moritz Seider.
12:45 of 2nd period - Shot Blocked by K'Andre Miller.
12:51 of 2nd period - Jason Dickinson is hit by K'Andre Miller and loses puck.
13:21 of 2nd period - Charlie McAvoy is hit by Trevor Moore and loses puck.
13:28 of 2nd period - Alex Gallant is hit by Jason Dickinson.
13:44 of 2nd period - Alex Gallant is hit by Darnell Nurse and loses puck.
14:09 of 2nd period - Jason Dickinson is hit by Alex Gallant and loses puck.
14:18 of 2nd period - Slapshot by Mikey Eyssimont.
14:18 of 2nd period - Shot Misses the Net.
14:20 of 2nd period - Slapshot by Alexander Romanov.
14:20 of 2nd period - Shot Misses the Net.
14:44 of 2nd period - Snap shot by Evander Kane.
14:44 of 2nd period - Deflect By Mikey Eyssimont.
14:44 of 2nd period - Stopped by Darcy Kuemper without a rebound.
14:45 of 2nd period - Jamie Benn wins face-off versus Joseph Veleno in Tampa Bay Lightning zone.
15:39 of 2nd period - Slapshot by MacKenzie Weegar.
15:39 of 2nd period - Deflect By Jansen Harkins.
15:39 of 2nd period - Goal by Jansen Harkins - Tampa Bay Lightning : 2 - Los Angeles Kings : 1.
15:40 of 2nd period - Jamie Benn wins face-off versus Joseph Veleno in neutral zone.
15:53 of 2nd period - Kirill Kaprizov is hit by Logan Cooley and loses puck.
16:02 of 2nd period - Kirill Kaprizov is hit by Logan Cooley and loses puck.
16:45 of 2nd period - Snap shot by Travis Konecny.
16:45 of 2nd period - Shot Blocked by MacKenzie Weegar.
16:47 of 2nd period - Snap shot by Travis Konecny.
16:47 of 2nd period - Shot Misses the Net.
18:51 of 2nd period - Slapshot by Andrew Copp.
18:51 of 2nd period - Shot Blocked by Jonathan Huberdeau.
18:53 of 2nd period - Snap shot by K'Andre Miller.
18:53 of 2nd period - Stopped by Darcy Kuemper without a rebound.
18:54 of 2nd period - Jansen Harkins wins face-off versus Anze Kopitar in Tampa Bay Lightning zone.
19:38 of 2nd period - Snap shot by Jansen Harkins.
19:38 of 2nd period - Shot Blocked by Darnell Nurse.
19:40 of 2nd period - Slapshot by Jansen Harkins.
19:40 of 2nd period - Shot Blocked by Gustav Nyquist.
Goals for this period are 1 for Tampa Bay Lightning vs 1 for Los Angeles Kings.
Shots for this period are 5 for Tampa Bay Lightning vs 10 for Los Angeles Kings.
3rd period
0:01 of 3rd period - Roope Hintz wins face-off versus Matthew Boldy in neutral zone.
0:08 of 3rd period - Wrist shot by Travis Konecny.
0:08 of 3rd period - Shot Misses the Net.
0:26 of 3rd period - Ryan Suter is hit by Jamie Benn and loses puck.
2:18 of 3rd period - Off-side.
2:19 of 3rd period - Anze Kopitar wins face-off versus Seth Jarvis in neutral zone.
3:26 of 3rd period - Jamie Benn is hit by Andrei Svechnikov.
3:58 of 3rd period - Wrist shot by Anze Kopitar.
3:58 of 3rd period - Shot Misses the Net.
4:00 of 3rd period - Snap shot by Dmitry Orlov.
4:00 of 3rd period - Stopped by Andrei Vasilevskiy without a rebound.
4:01 of 3rd period - Roope Hintz wins face-off versus Andrew Copp in Los Angeles Kings zone.
4:02 of 3rd period - Backhand shot by Travis Konecny.
4:02 of 3rd period - Shot Blocked by Owen Power.
4:04 of 3rd period - Wrist shot by Travis Konecny.
4:04 of 3rd period - Shot Misses the Net.
4:06 of 3rd period - Slapshot by Michael Matheson.
4:06 of 3rd period - Shot Misses the Net.
5:10 of 3rd period - Snap shot by Evander Kane.
5:10 of 3rd period - Shot Misses the Net.
6:28 of 3rd period - Alex Gallant is hit by Michael Matheson and loses puck.
6:37 of 3rd period - Wrist shot by Claude Giroux.
6:37 of 3rd period - Shot Misses the Net.
6:39 of 3rd period - Minor Penalty to Evander Kane for Hooking.
6:40 of 3rd period - Anze Kopitar wins face-off versus Andrei Svechnikov in Los Angeles Kings zone.
6:41 of 3rd period - Snap shot by Roope Hintz.
6:41 of 3rd period - Shot Blocked by Seth Jarvis.
6:43 of 3rd period - Snap shot by Travis Konecny.
6:43 of 3rd period - Deflect By Owen Power.
6:43 of 3rd period - Stopped by Andrei Vasilevskiy with a rebound.
6:45 of 3rd period - Snap shot by Anze Kopitar.
6:45 of 3rd period - Stopped by Andrei Vasilevskiy with a rebound.
6:47 of 3rd period - Wrist shot by Anze Kopitar.
6:47 of 3rd period - Stopped by Andrei Vasilevskiy without a rebound.
6:48 of 3rd period - Andrei Svechnikov wins face-off versus Anze Kopitar in Los Angeles Kings zone.
7:19 of 3rd period - Snap shot by Anze Kopitar.
7:19 of 3rd period - Shot Misses the Net.
7:21 of 3rd period - Snap shot by Dmitry Orlov.
7:21 of 3rd period - Shot Misses the Net.
7:23 of 3rd period - Snap shot by Roope Hintz.
7:23 of 3rd period - Stopped by Andrei Vasilevskiy without a rebound.
7:24 of 3rd period - Claude Giroux wins face-off versus Andrei Svechnikov in Los Angeles Kings zone.
8:23 of 3rd period - Icing by Darnell Nurse.
8:24 of 3rd period - Claude Giroux wins face-off versus Logan Cooley in Tampa Bay Lightning zone.
8:39 of 3rd period - Penalty to Evander Kane is over, Evander Kane is back on ice.
8:57 of 3rd period - Snap shot by Jansen Harkins.
8:57 of 3rd period - Stopped by Darcy Kuemper with a rebound.
8:59 of 3rd period - Wrist shot by Andrei Kuzmenko.
8:59 of 3rd period - Deflect By Michael Matheson.
8:59 of 3rd period - Stopped by Darcy Kuemper without a rebound.
9:00 of 3rd period - Jansen Harkins wins face-off versus Roope Hintz in Tampa Bay Lightning zone.
9:11 of 3rd period - Slapshot by Travis Konecny.
9:11 of 3rd period - Stopped by Andrei Vasilevskiy without a rebound.
9:12 of 3rd period - Joseph Veleno wins face-off versus Dylan Cozens in Los Angeles Kings zone.
9:23 of 3rd period - Charlie McAvoy is hit by Darnell Nurse and loses puck.
9:38 of 3rd period - Seth Jarvis is hit by Claude Giroux and loses puck.
9:49 of 3rd period - Slapshot by Kirill Kaprizov.
9:49 of 3rd period - Stopped by Andrei Vasilevskiy without a rebound.
9:50 of 3rd period - Joseph Veleno wins face-off versus Roope Hintz in Los Angeles Kings zone.
10:05 of 3rd period - Snap shot by Logan Cooley.
10:05 of 3rd period - Shot Misses the Net.
10:11 of 3rd period - Minor Penalty to Michael Matheson for Tripping.
10:12 of 3rd period - Andrei Kuzmenko wins face-off versus Jason Dickinson in Tampa Bay Lightning zone.
10:15 of 3rd period - Wrist shot by Andrei Kuzmenko.
10:15 of 3rd period - Stopped by Darcy Kuemper with a rebound.
10:17 of 3rd period - Slapshot by MacKenzie Weegar.
10:17 of 3rd period - Shot Blocked by Moritz Seider.
10:19 of 3rd period - Slapshot by MacKenzie Weegar.
10:19 of 3rd period - Shot Misses the Net.
10:21 of 3rd period - Slapshot by MacKenzie Weegar.
10:21 of 3rd period - Shot Blocked by Trevor Moore.
11:19 of 3rd period - Ben Chiarot is hit by Andrei Kuzmenko and loses puck.
11:36 of 3rd period - Dmitry Orlov is hit by Owen Power and loses puck.
12:11 of 3rd period - Penalty to Michael Matheson is over, Michael Matheson is back on ice.
12:17 of 3rd period - Snap shot by Michael Matheson.
12:17 of 3rd period - Shot Misses the Net.
12:25 of 3rd period - Slapshot by MacKenzie Weegar.
12:25 of 3rd period - Shot Misses the Net.
12:27 of 3rd period - Snap shot by Mikey Eyssimont.
12:27 of 3rd period - Stopped by Darcy Kuemper with a rebound.
12:29 of 3rd period - Slapshot by MacKenzie Weegar.
12:29 of 3rd period - Shot Blocked by Michael Matheson.
13:24 of 3rd period - Wrist shot by Dylan Cozens.
13:24 of 3rd period - Stopped by Andrei Vasilevskiy with a rebound.
13:34 of 3rd period - Andrei Svechnikov is hit by Trevor Moore and loses puck.
13:35 of 3rd period - Andrei Svechnikov from Los Angeles Kings is injured at 13:35 of 3rd period (Left Foot).
13:36 of 3rd period - Seth Jarvis wins face-off versus Claude Giroux in Los Angeles Kings zone.
14:03 of 3rd period - Mikey Eyssimont beats up Darnell Nurse.
14:03 of 3rd period - Penalty to Mikey Eyssimont for Fighting.
14:03 of 3rd period - Penalty to Darnell Nurse for Fighting.
14:04 of 3rd period - Joseph Veleno wins face-off versus Kirill Kaprizov in neutral zone.
14:39 of 3rd period - Off-side.
14:40 of 3rd period - Anze Kopitar wins face-off versus Andrei Kuzmenko in neutral zone.
14:49 of 3rd period - Dmitry Orlov is hit by Evander Kane and loses puck.
14:54 of 3rd period - Slapshot by MacKenzie Weegar.
14:54 of 3rd period - Shot Misses the Net.
14:56 of 3rd period - Slapshot by Andrei Kuzmenko.
14:56 of 3rd period - Stopped by Darcy Kuemper without a rebound.
14:57 of 3rd period - Roope Hintz wins face-off versus Matthew Boldy in Tampa Bay Lightning zone.
15:25 of 3rd period - Off-side.
15:26 of 3rd period - Jamie Benn wins face-off versus Joseph Veleno in neutral zone.
15:32 of 3rd period - Icing by MacKenzie Weegar.
15:33 of 3rd period - Claude Giroux wins face-off versus Joseph Veleno in Los Angeles Kings zone.
16:08 of 3rd period - Slapshot by Roope Hintz.
16:08 of 3rd period - Stopped by Andrei Vasilevskiy without a rebound.
16:09 of 3rd period - Claude Giroux wins face-off versus Seth Jarvis in Los Angeles Kings zone.
16:10 of 3rd period - Snap shot by Kirill Kaprizov.
16:10 of 3rd period - Stopped by Andrei Vasilevskiy with a rebound.
16:36 of 3rd period - Evander Kane is hit by Hampus Lindholm and loses puck.
16:43 of 3rd period - Wrist shot by Travis Konecny.
16:43 of 3rd period - Shot Misses the Net.
16:45 of 3rd period - Slapshot by Ben Chiarot.
16:45 of 3rd period - Shot Blocked by Ryan Suter.
16:47 of 3rd period - Snap shot by Dylan Cozens.
16:47 of 3rd period - Shot Misses the Net.
17:01 of 3rd period - Logan Cooley is hit by Anze Kopitar and loses puck.
17:20 of 3rd period - Slapshot by Seth Jarvis.
17:20 of 3rd period - Stopped by Darcy Kuemper with a rebound.
17:24 of 3rd period - Snap shot by Seth Jarvis.
17:24 of 3rd period - Shot Misses the Net.
17:26 of 3rd period - Wrist shot by Andrei Kuzmenko.
17:26 of 3rd period - Stopped by Darcy Kuemper without a rebound.
17:27 of 3rd period - Andrei Kuzmenko wins face-off versus Claude Giroux in Tampa Bay Lightning zone.
17:28 of 3rd period - Snap shot by Jansen Harkins.
17:28 of 3rd period - Stopped by Darcy Kuemper with a rebound.
17:40 of 3rd period - Vitali Kravtsov is hit by Jamie Benn and loses puck.
18:43 of 3rd period - Snap shot by Dylan Cozens.
18:43 of 3rd period - Shot Misses the Net.
18:56 of 3rd period - Los Angeles Kings, Andrei Vasilevskiy is pulled from the net.
19:00 of 3rd period - Backhand shot by MacKenzie Weegar.
19:00 of 3rd period - Deflect By Evander Kane.
19:00 of 3rd period - Stopped by Darcy Kuemper without a rebound.
19:01 of 3rd period - Benoit Groulx call a timeout for Los Angeles Kings.
19:01 of 3rd period - Seth Jarvis wins face-off versus Travis Konecny in Tampa Bay Lightning zone.
19:08 of 3rd period - Wrist shot by Seth Jarvis.
19:08 of 3rd period - Stopped by Darcy Kuemper without a rebound.
19:09 of 3rd period - Seth Jarvis wins face-off versus Anze Kopitar in Tampa Bay Lightning zone.
19:14 of 3rd period - Wrist shot by Seth Jarvis.
19:14 of 3rd period - Stopped by Darcy Kuemper without a rebound.
19:15 of 3rd period - Anze Kopitar wins face-off versus Seth Jarvis in Tampa Bay Lightning zone.
19:20 of 3rd period - K'Andre Miller is hit by Travis Konecny and loses puck.
19:29 of 3rd period - Wrist shot by Travis Konecny.
19:29 of 3rd period - Shot Blocked by K'Andre Miller.
19:31 of 3rd period - Snap shot by Moritz Seider.
19:31 of 3rd period - Goal by Moritz Seider - Tampa Bay Lightning : 3 - Los Angeles Kings : 1.
19:31 of 3rd period - Andrei Vasilevskiy from Los Angeles Kings was sent back in the game.
19:32 of 3rd period - Jansen Harkins wins face-off versus Claude Giroux in neutral zone.
19:35 of 3rd period - Snap shot by Owen Power.
19:35 of 3rd period - Stopped by Darcy Kuemper without a rebound.
19:36 of 3rd period - Jansen Harkins wins face-off versus Claude Giroux in Tampa Bay Lightning zone.
19:47 of 3rd period - Slapshot by Michael Matheson.
19:47 of 3rd period - Stopped by Andrei Vasilevskiy with a rebound.
19:49 of 3rd period - Snap shot by Kirill Kaprizov.
19:49 of 3rd period - Shot Misses the Net.
Goals for this period are 1 for Tampa Bay Lightning vs 0 for Los Angeles Kings.
Shots for this period are 12 for Tampa Bay Lightning vs 12 for Los Angeles Kings.
Back to the Top